 Dungeon Crawl Stone Soup version 0.24.0-123-gd5b16e6ec5 (webtiles) character file.

Game seed: 2639734665008579425, levelgen mode: deterministic

34083 McKennaii the Stormcaller (level 13, -3/66 HPs)
             Began as a Tengu Air Elementalist on Jan 12, 2020.
             Was an Elder of Sif Muna.
             Slain by a deep troll (shapeshifter) (4 damage)
             ... on level 14 of the Dungeon.
             The game lasted 01:13:18 (22593 turns).

McKennaii the Stormcaller (Tengu Air Elementalist) Turns: 22593, Time: 01:13:20

Health: -3/66      AC: 15    Str: 12      XL:     13   Next: 75%
Magic:  6/28       EV: 14    Int: 23      God:    Sif Muna [****..]
Gold:   747        SH:  0    Dex: 11 (14) Spells: 14/33 levels left

rFire    + . .     SeeInvis .   E - staff of air
rCold    + . .     Gourm    .   (no shield)
rNeg     . . .     Faith    .   d - +2 ring mail of Huiz {rF+ Str+2 Int+3}
rPois    .         Spirit   .   (helmet restricted)
rElec    +         Reflect  .   r - +0 cloak
rCorr    .         Harm     .   (no gloves)
MR       .....                  (boots unavailable)
Stlth    ++........             (no amulet)
HPRegen  0.21/turn              C - +6 ring of protection
MPRegen  0.21/turn              F - ring of protection from cold

@: lethally poisoned (-3 -> -11), about to teleport, flying quickly and
evasively, slowed, lightly drained, very slow
A: beak, talons 3, able to fly
a: Stop Flying, Channel Magic, Forget Spell, Divine Exegesis, Renounce Religion


You were on level 14 of the Dungeon.
You worshipped Sif Muna.
Sif Muna was greatly pleased with you.
You were very hungry.

You visited 2 branches of the dungeon, and saw 16 of its levels.
You also visited: Sewer and Ossuary.

You collected 1025 gold pieces.
You spent 278 gold pieces at shops.

Inventory:

Hand Weapons
 H - the +5 flail of Sutocosu {speed, Str+5 Dex+2}
   (You took it off a kobold on level 10 of the Dungeon)

   Attacks with this weapon are significantly faster.
   It affects your strength (+5).
   It affects your dexterity (+2).
Armour
 d - the +2 ring mail of Huiz (worn) {rF+ Str+2 Int+3}
   (You found it on level 7 of the Dungeon)

   It affects your strength (+2).
   It affects your intelligence (+3).
   It protects you from fire.
 r - a +0 cloak (worn)
Magical Staves
 E - an uncursed staff of air (weapon)
Jewellery
 C - a +6 ring of protection (left hand)
 F - a ring of protection from cold (right hand)
Wands
 a - a wand of random effects (44)
 q - a wand of clouds (4)
 y - a wand of acid (4)
 z - a wand of paralysis (3)
 I - a wand of flame (4)
 J - a wand of polymorph (5)
 K - a wand of disintegration (15)
Scrolls
 b - 4 scrolls of magic mapping
 e - 5 scrolls of remove curse
 f - 5 scrolls of fear {unknown}
 g - 7 scrolls of teleportation
 h - 5 scrolls of enchant weapon {unknown}
 m - 7 scrolls of fog
 t - 5 scrolls of amnesia {unknown}
 u - 3 scrolls of enchant armour
 v - a scroll of blinking {unknown}
 w - a scroll of brand weapon {unknown}
 D - 4 scrolls of identify
 G - a scroll of vulnerability {unknown}
 N - a scroll of torment {unknown}
Potions
 i - 2 potions of haste
 j - 4 potions of cancellation
 k - 2 potions of mutation
 l - 2 potions of agility
 n - 2 potions of lignification
 o - a potion of invisibility
 p - 5 potions of curing
 s - a potion of ambrosia
 A - 4 potions of brilliance
 B - 2 potions of resistance
 L - 2 potions of magic
Comestibles
 c - 11 rations


   Skills:
 - Level 2.0(1.9) Fighting
 - Level 1.1(1.0) Maces & Flails
 + Level 6.0(5.8) Armour
 + Level 5.1(5.0) Dodging
 - Level 4.4(4.2) Stealth
 - Level 1.9(1.7) Unarmed Combat
 + Level 10.7(10.5) Spellcasting
 + Level 12.9(12.7) Conjurations
 * Level 6.2(6.0) Summonings
 + Level 17.6(17.4) Air Magic
 - Level 1.1(0.9) Evocations


You had 14 spell levels left.
You knew the following spells:

 Your Spells              Type           Power        Failure   Level  Hunger
a - Shock                 Conj/Air       ####         1%          1    None
b - Swiftness             Chrm/Air       ######..     1%          2    None
c - Lightning Bolt        Conj/Air       #######...   1%          5    ####...
d - Iskenderun's Mystic   Conj           ######..     1%          4    #......
e - Spellforged Servitor  Conj/Summ      ######....   89%         7    #######

Your spell library contained the following spells:

 Spells                   Type           Power        Failure   Level  Hunger
 Magic Dart               Conj           ####         1%          1    None
 Sting                    Conj/Pois      ####         1%          1    None
 Searing Ray              Conj           ######       1%          2    None
 Mephitic Cloud           Conj/Pois/Air  ######..     1%          3    None
 Static Discharge         Conj/Air       #######.     1%          3    None
 Airstrike                Air            #######...   1%          4    #......
 Dazzling Spray           Conj/Hex       #####.       2%          3    None
 Stone Arrow              Conj/Erth      #####.       2%          3    None
 Force Lance              Conj/Tloc      #####...     8%          4    #......
 Fulminant Prism          Conj/Hex       #####.....   8%          4    #......
 Corona                   Hex            ##.....      11%         1    None
 Sandblast                Erth           ##....       11%         1    None
 Ensorcelled Hibernation  Hex/Ice        ##....       17%         2    None
 Passwall                 Tmut/Erth      ##......     17%         2    None
 Sticks to Snakes         Tmut           ##......     17%         2    None
 Sublimation of Blood     Necr           ##........   17%         2    None
 Bolt of Draining         Conj/Necr      #####.....   22%         5    ####...
 Irradiate                Conj/Tmut      #####.....   22%         5    ####...
 Iskenderun's Battlesphe  Conj/Chrm      #####...     22%         5    ####...
 Venom Bolt               Conj/Pois      #####.....   22%         5    ####...
 Freezing Cloud           Conj/Ice/Air   ######....   26%         6    ######.
 Confuse                  Hex            ##......     32%         3    None
 Tukima's Dance           Hex            ##......     32%         3    None
 Orb of Destruction       Conj           ######....   45%         7    #######
 Bolt of Magma            Conj/Fire/Erth ####......   47%         5    ####...
 Animate Dead             Necr           N/A          73%         4    #......
 Petrify                  Tmut/Erth      ##......     73%         4    #......
 Iron Shot                Conj/Erth      #####.....   77%         6    ######.
 Lee's Rapid Deconstruct  Erth           ##........   97%         5    ####...
 Simulacrum               Ice/Necr       ##........   100%        6    ######.


Dungeon Overview and Level Annotations

Branches:
Dungeon (15/15)            Temple (1/1) D:5            Lair (0/6) D:11
    Orc (0/2) D:10         Vaults (0/5) D:14          Sewer (visited)
Ossuary (visited)
 Depths: D:15

Altars:
Ashenzari
Cheibriados
Dithmenos
Elyvilon
Fedhas
Gozag
Hepliaklqana
Kikubaaqudgha
Makhleb
Nemelex Xobeh
Okawaru
Qazlal
Ru
Sif Muna
Trog
Uskayaw
Vehumet
Wu Jian
Xom
Yredelemnul
Zin
The Shining One

Shops:
D:8 (}*?%

Annotations:
D:7 1 runed translucent door
D:9 Prince Ribbit


Innate Abilities, Weirdness & Mutations

You have a beak for a mouth.
You have claws for feet.
You can fly continuously.


Message History

You feel yourself slow down.
You feel sick.
You feel better. The death drake closely misses you. The death drake bites you.
The death drake bites you. The death drake breathes miasma at you.
The foul vapour engulfs you but does no damage.
You are engulfed in dark miasma.
You are poisoned.
You feel as though you will be slow longer.
You feel very sick.
You feel sick.
The death drake changes into a deep troll!
You feel sick.
You feel sick.
As you read the scroll of teleportation, it crumbles to dust.
You feel strangely unstable.
You feel sick. The deep troll bites you!
* * * LOW HITPOINT WARNING * * *
The deep troll claws you!
* * * LOW HITPOINT WARNING * * *
The deep troll claws you.
You die...

.........##...............#....≈≈
.........#.........##..####......
........................###......
................................P
.........#..........>.........P♣.
.........###.....................
..............####....(..###.....
.###.............##..##..###..#.#
.###.........#..@T##.##....)#####
............##........#.°.###
#..........#####......##.##
#..........######.........#
.........................##
.................#.......#
...(....#.....#..#......##
........#...####.......##
.#.....##...# #.....###


You could see a deep troll shaped shifter.

Vanquished Creatures
  Nessos (D:13)
  2 hydras (D:15)
  6 two-headed ogres
  2 dancing weapons (D:14)
  3 skeletal warriors (D:13)
  4 unseen horrors
  Pikel (D:9)
  3 deep elf magi
  3 cyclopes
  An ugly thing (D:11)
  3 manticores
  Psyche (D:11)
  A water nymph (shapeshifter) (D:15)
  A kobold demonologist (D:7)
  4 komodo dragons
  A komodo dragon (shapeshifter) (D:14)
  4 trolls
  3 hippogriffs
  2 wyverns
  17 flying skulls
  A wraith (D:14)
  17 yaks
  A basilisk (shapeshifter) (D:13)
  Eustachio (D:4)
  5 vampire mosquitoes
  A soldier ant (D:15)
  An acid dragon (D:15)
  2 water moccasins
  Purgy (Sewer)
  A black bear (D:10)
  2 ice beasts (D:11)
  3 slaves (D:9)
  11 orc warriors
  2 hornet zombies
  3 sky beasts
  2 phantoms
  A boggart (D:15)
  A necrophage (D:7)
  6 ogres
  4 centaurs
  5 big kobolds
  A crocodile (D:11)
  12 bullfrogs
  A gnoll sergeant (D:10)
  A water moccasin zombie (Ossuary)
  5 scorpions
  13 killer bees
  4 howler monkeys
  2 crimson imps
  2 centaur zombies
  2 bullfrog zombies
  2 quasits
  4 jellies
  2 bullfrog skeletons
  18 orc priests
  2 centaur skeletons
  8 hounds
  Crazy Yiuf (D:3)
  8 iguanas
  19 orc wizards
  14 worker ants
  2 big kobold zombies (Ossuary)
  A hound skeleton (D:10)
  2 mummies (Ossuary)
  A worker ant zombie (D:7)
  7 gnolls
  9 adders
  A howler monkey skeleton (D:6)
  A river rat (D:5)
  2 shadow imps
  2 oozes
  2 adder zombies (Ossuary)
  2 worms (D:2)
  3 adder skeletons
  2 dart slugs (D:1)
  7 leopard geckos
  86 orcs
  5 ball pythons
  6 giant cockroaches
  2 gnoll zombies (Ossuary)
  8 goblins
  6 hobgoblins
  12 jackals
  8 quokkas
  4 bats
  6 frilled lizards
  4 hobgoblin zombies (Ossuary)
  34 kobolds
  7 kobold zombies (Ossuary)
  A leopard gecko skeleton (D:4)
  7 orc zombies (Ossuary)
  2 quokka skeletons
  A quokka zombie (D:5)
  6 rats
504 creatures vanquished.

Vanquished Creatures (others)
  An orc priest (D:6)
  32 plants (D:11)
33 creatures vanquished.

Grand Total: 537 creatures vanquished

Notes
Turn   | Place    | Note
-------+----------+-------------------------------------------
     0 | D:1      | McKennaii the Tengu Air Elementalist began the quest for
                  | the Orb.
     0 | D:1      | Reached XP level 1. HP: 10/10 MP: 4/4
   366 | D:1      | Reached XP level 2. HP: 15/15 MP: 1/6
  1397 | D:2      | Reached XP level 3. HP: 19/19 MP: 2/7
  1399 | D:2      | Reached skill level 5 in Air Magic
  1409 | D:2      | Reached XP level 4. HP: 24/24 MP: 0/8
  2627 | D:3      | Noticed a big kobold
  2663 | D:3      | Killed a big kobold
  2663 | D:3      | Reached skill level 6 in Air Magic
  2663 | D:3      | Gained mutation: You can fly continuously. [Tengu growth]
  2663 | D:3      | Reached XP level 5. HP: 20/28 MP: 2/10
  3033 | D:3      | Found a runed translucent door.
  3034 | D:3      | Noticed Crazy Yiuf
  3193 | D:3      | Killed Crazy Yiuf
  3311 | D:4      | Reached XP level 6. HP: 22/32 MP: 3/11
  3398 | D:4      | Reached skill level 7 in Air Magic
  3615 | D:4      | Noticed Eustachio
  3626 | D:4      | Killed Eustachio
  3626 | D:4      | Reached XP level 7. HP: 36/36 MP: 4/14
  3873 | D:4      | Reached skill level 8 in Air Magic
  4385 | D:5      | Entered Level 5 of the Dungeon
  4481 | D:5      | Reached skill level 5 in Conjurations
  4509 | D:5      | Found a glowing drain.
  4581 | Sewer    | Entered a sewer
  4648 | Sewer    | Noticed Purgy
  4662 | Sewer    | Killed Purgy
  4997 | D:5      | Reached XP level 8. HP: 41/41 MP: 12/15
  5085 | D:5      | Reached skill level 9 in Air Magic
  5295 | D:5      | Learned a level 2 spell: Swiftness
  5301 | D:5      | Learned a level 5 spell: Lightning Bolt
  5472 | D:5      | Found a staircase to the Ecumenical Temple.
  5481 | Temple   | Entered the Ecumenical Temple
  5496 | Temple   | Became a worshipper of Sif Muna the Loreminder
  5630 | D:6      | Noticed a hippogriff
  5642 | D:6      | Killed a hippogriff
  5671 | D:6      | Found a sand-covered staircase.
  5679 | Ossuary  | Entered an ossuary
  6105 | Ossuary  | Reached * piety under Sif Muna
  6110 | Ossuary  | Reached skill level 5 in Spellcasting
  6255 | D:6      | Reached skill level 10 in Air Magic
  6608 | D:6      | Reached XP level 9. HP: 29/46 MP: 4/18
  7485 | D:7      | Reached skill level 11 in Air Magic
  7489 | D:6      | Reached ** piety under Sif Muna
  8612 | D:7      | Got a slimy ring mail
  8623 | D:7      | Identified the +2 ring mail of Huiz {rF+ Str+2 Int+3} (You
                  | found it on level 7 of the Dungeon)
  8705 | D:7      | Reached skill level 12 in Air Magic
  8707 | D:7      | Reached skill level 1 in Unarmed Combat
  8707 | D:7      | Reached XP level 10. HP: 28/51 MP: 9/21
  8993 | D:7      | Found a runed translucent door.
  9012 | D:7      | Noticed a kobold demonologist
  9016 | D:7      | Identified the cursed +0 leather armour of Fifromor {Int+4}
  9024 | D:7      | Killed a kobold demonologist
  9024 | D:7      | Reached skill level 1 in Fighting
  9024 | D:7      | Reached skill level 1 in Armour
  9057 | D:7      | HP: 1/78 [something (7)]
  9068 | D:7      | Killed an unseen horror
  9078 | D:7      | Killed an unseen horror
  9078 | D:7      | Reached skill level 13 in Air Magic
  9251 | D:7      | Identified the Papyrus of Mutagenic Sinister Secrets
  9257 | D:7      | Got an ominously black robe
  9270 | D:7      | Identified the +2 robe of Satisfaction {MR- Str+4 Int+3}
                  | (You found it on level 7 of the Dungeon)
  9435 | D:8      | Found Xoosiav's Magic Scroll Emporium.
  9441 | D:8      | Bought a scroll of teleportation for 30 gold pieces
  9441 | D:8      | Bought a scroll of enchant armour for 75 gold pieces
  9441 | D:8      | Bought a scroll of fog for 20 gold pieces
  9441 | D:8      | Bought a scroll of remove curse for 30 gold pieces
  9441 | D:8      | Bought a scroll of identify for 20 gold pieces
  9441 | D:8      | Bought a scroll of noise for 10 gold pieces
  9496 | D:8      | Found Jietem's Food Boutique.
  9719 | D:8      | Found Eniu's Assorted Antiques.
  9724 | D:8      | Bought a ruby potion for 21 gold pieces
  9724 | D:8      | Bought a scroll labeled VUPHODAIRCH for 24 gold pieces
  9724 | D:8      | Bought a ring of protection for 48 gold pieces
  9818 | D:8      | Found a stormy altar of Qazlal.
  9884 | D:8      | Found Anab Jio's Antique Weapon Shoppe.
  9972 | D:8      | Found Pengaulu's Gadget Emporium.
 10087 | D:8      | Reached *** piety under Sif Muna
 10311 | D:9      | Noticed a two-headed ogre
 10316 | D:9      | Killed a two-headed ogre
 10316 | D:9      | Reached XP level 11. HP: 56/56 MP: 12/23
 10700 | D:9      | Reached **** piety under Sif Muna
 11355 | D:9      | Noticed a two-headed ogre
 11365 | D:9      | Killed a two-headed ogre
 11365 | D:9      | Reached skill level 14 in Air Magic
 11463 | D:9      | Noticed Pikel
 11464 | D:9      | Noticed Prince Ribbit
 11480 | D:9      | Killed Pikel
 11480 | D:9      | Reached skill level 10 in Conjurations
 11688 | D:10     | Entered Level 10 of the Dungeon
 12104 | D:10     | Found a staircase to the Orcish Mines.
 12465 | D:10     | Identified the +5 flail of Sutocosu {speed, Str+5 Dex+2}
 12631 | D:10     | Killed an unseen horror
 12666 | D:10     | Identified the +2 ring mail "Maryill" {-Tele MR+ Str+2
                  | Dex+7}
 13443 | D:10     | Reached ***** piety under Sif Muna
 13668 | D:10     | Identified Sif Muna's Papyrus of Freezing Attacks (Sif Muna
                  | gifted it to you on level 10 of the Dungeon)
 13668 | D:10     | Received a gift from Sif Muna
 13752 | D:11     | Noticed a two-headed ogre
 13752 | D:11     | Noticed a two-headed ogre
 13753 | D:11     | Killed a two-headed ogre
 13753 | D:11     | Reached skill level 1 in Evocations
 13756 | D:11     | Killed a two-headed ogre
 14039 | D:11     | Reached skill level 15 in Air Magic
 14096 | D:11     | Learned a level 4 spell: Iskenderun's Mystic Blast
 14302 | D:11     | Reached XP level 12. HP: 62/62 MP: 16/25
 14348 | D:11     | Noticed Psyche
 14353 | D:11     | Killed Psyche
 14353 | D:11     | Reached skill level 1 in Maces & Flails
 15165 | D:11     | Noticed a two-headed ogre
 15170 | D:11     | Killed a two-headed ogre
 15597 | D:11     | Found a burning altar of Makhleb.
 16053 | D:11     | Found a staircase to the Lair.
 16372 | D:12     | Noticed a two-headed ogre
 16378 | D:12     | Killed a two-headed ogre
 16378 | D:12     | Reached skill level 16 in Air Magic
 17423 | D:13     | Learned a level 7 spell: Spellforged Servitor
 18310 | D:13     | Reached skill level 1 in Summonings
 18447 | D:13     | Received a gift from Sif Muna
 18525 | D:13     | Found the +3 giant club "Skullcrusher" {speed, Str+7}
 18547 | D:13     | Reached skill level 5 in Armour
 18808 | D:13     | Reached skill level 10 in Spellcasting
 18808 | D:13     | Reached XP level 13. HP: 66/66 MP: 3/28
 19206 | D:13     | Noticed Nessos
 19208 | D:13     | Killed Nessos
 19225 | D:13     | Reached skill level 17 in Air Magic
 20607 | D:14     | Found a gate to the Vaults.
 20824 | D:14     | Reached skill level 5 in Summonings
 21292 | D:15     | Entered Level 15 of the Dungeon
 21488 | D:14     | Reached skill level 5 in Dodging
 22593 | D:14     | HP: 1/66 [deep troll (shapeshifter) (11)]
 22593 | D:14     | Slain by a deep troll (shapeshifter)

Levels and vault maps discovered:
D:1:      minmay_arrival_cross, layout_basic, grunt_decor_arrowhead
D:2:      minmay_door_path, layout_basic, first_ration
D:3:      cheibrodos_thug_alley, layout_basic, uniq_crazy_yiuf_cottage
D:4:      layout_rooms, serial_forest, infiniplex_forest_lined_room_2,
          infiniplex_forest_clump_curved, infiniplex_forest_clump_C,
          infiniplex_forest_straight_2, infiniplex_forest_diagonal,
          infiniplex_forest_lined_2, infiniplex_forest_lined_4_way,
          infiniplex_forest_diagonal, minmay_misc_feat_columns,
          minmay_misc_feat_hallway, uniq_eustachio
D:5:      layout_loops_cross, minmay_temple_entry_poolview,
          portal_sewer_entry_c, minmay_misc_feat_chi
D:6:      layout_cave_pods, chequers_ossuary_entry_cave
D:7:      minmay_the_grid_triangle_9x9_rhombus_thin
          [minmay_the_grid_triangle_9x9_skeleton,
          minmay_the_grid_triangle_9x9_prize_center,
          minmay_the_grid_triangle_9x9_descending_squares,
          minmay_the_grid_triangle_9x9_subtriangle], layout_cave_pools
D:8:      layout_basic, grunt_qazlal_sundering, serial_shops, shop, shop,
          shop_coins, nicolae_shop_window_shopping,
          nicolae_shop_competitors_out_of_business
D:9:      layout_roguey, special_room [special_room_orc], uniq_prince_ribbit1,
          uniq_pikel
D:10:     layout_basic, david_orc_3, special_room [special_room_orc],
          grunt_pizzeria
D:11:     layout_roguey, david_lair_shrubbed, basic_altar, serial_corexii_hall,
          corexii_hall_statues_s, chequers_hall_statues_wall_a,
          corexii_hall_statues_i, corexii_hall_statues_i,
          corexii_hall_statues_x, chequers_hall_statues_y, uniq_psyche
D:12:     layout_basic, chequers_serial_rivers_micro_a
D:13:     layout_irregular_city, minivault_23,
          minmay_guarded_unrand_skullcrusher, uniq_nessos
D:14:     layout_cave_pools, erik_vaults_1, serial_bayou_pond_a
D:15:     gammafunk_enter_depths_forms, layout_cave_pools,
          hangedman_abyss_or_decor_lesser_grid, serial_shops, shop
Temple:   compressed_dpeg_circular_temple

Skill      XL: |  1  2  3  4  5  6  7  8  9 10 11 12 13 |
---------------+----------------------------------------+-----
Conjurations   | 2 3 4 5 7 8 9 11 12 | 12.9
Air Magic      | 5 6 7 8 10 12 13 15 16 17 | 17.6
Spellcasting   | 3 4 5 6 7 8 10 | 10.7
Dodging        | 3 4 5 |  5.1
Stealth        | 3 4 |  4.4
Unarmed Combat | 1 |  1.9
Fighting       | 1 2 |  2.0
Armour         | 2 4 5 6 |  6.0
Evocations     | 1 |  1.1
Maces & Flails | 1 |  1.1
Summonings     | 2 6 |  6.2

Action                   |  1- 3 |  4- 6 |  7- 9 | 10-12 | 13-15 || total
-------------------------+-------+-------+-------+-------+-------++-------
Melee: Unarmed           |     1 |     2 |    36 |    36 |       ||    75
       Kick              |       |     1 |     9 |    17 |    10 ||    37
       Peck              |       |       |     2 |    11 |     7 ||    20
       Flail             |       |       |       |    29 |    35 ||    64
       Staff             |       |       |       |    12 |     4 ||    16
 Cast: Shock             |    58 |   121 |   413 |   705 |   109 ||  1406
       Lightning Bolt    |       |       |       |    93 |    70 ||   163
       Swiftness         |       |       |       |     1 |     1 ||     2
 Abil: Fly               |       |     1 |       |       |       ||     1
Evoke: Wand              |       |       |     4 |     7 |     8 ||    19
  Use: Scroll            |       |       |     3 |     9 |     1 ||    13
       Potion            |       |       |     1 |     7 |     6 ||    14
 Stab: Paralysed         |       |       |    12 |     4 |       ||    16
       Distracted        |       |       |       |     1 |       ||     1
  Eat: Chunk             |     2 |     8 |     8 |    29 |    12 ||    59
       Ration            |       |       |     2 |     5 |     3 ||    10
Armor: Robe              |       |     4 |    41 |       |       ||    45
       Skin              |       |       |       |    33 |       ||    33
       Ring mail         |       |       |       |   199 |    83 ||   282
Dodge: Dodged            |     7 |    13 |   127 |   306 |   127 ||   580
